 Dungeon Crawl Stone Soup version 0.29-a0-371-g91724d5b39 (webtiles) character file.

Game seed: 553311791942072221

1346 sokol815 the Sneak (level 8, -1/46 HPs)
             Began as an Octopode Fire Elementalist on May 2, 2022.
             Was an Initiate of Gozag.
             Slain by a sky beast (3 damage)
             ... on level 6 of the Dungeon on May 3, 2022.
             The game lasted 00:19:35 (9532 turns).

sokol815 the Sneak (Octopode Fire Elementalist)     Turns: 9532, Time: 00:19:35

Health: -1/46      AC:  1    Str:  8    XL:     8   Next: 62%
Magic:  11/11      EV: 11    Int: 19    God:    Gozag
Gold:   216        SH: 10    Dex: 12    Spells: 10/11 levels left

rFire   . . .      SeeInvis .   b - +1 flail (protect)
rCold   . . .      Faith    .   g - +1 kite shield
rNeg    + . .      Spirit   .   (helmet restricted)
rPois   .          Reflect  .   (no amulet)
rElec   .          Harm     .   d - ring of positive energy {rN+}
rCorr   .          Rampage  .   W - ring of willpower
Will    +....                   (no ring)
Stlth   +++++.....              (no ring)
HPRegen 0.15/turn               (no ring)
MPRegen 0.12/turn               (no ring)
                                (no ring)
                                (no ring)

@: no status effects
A: almost no armour, amphibious, 8 rings, camouflage 1, gelatinous body 1,
(nimble swimmer 1), tentacles
a: Renounce Religion, Potion Petition, Call Merchant, Bribe Branch


You were on level 6 of the Dungeon.
You worshipped Gozag.
Gozag was aware of your devotion.
You visited 2 branches of the dungeon, and saw 7 of its levels.

You collected 278 gold pieces.
You paid 62 gold pieces to Gozag.

Inventory:

Hand Weapons
 a - a +1 short sword of electrocution
   (You took it off a kobold on level 2 of the Dungeon)
 b - a +1 flail of protection (weapon)
   (You took it off a gnoll on level 5 of the Dungeon)
 c - a +0 hand axe of electrocution
   (You took it off an orc on level 3 of the Dungeon)
 j - a +2 hunting sling of freezing
   (You took it off a goblin on level 2 of the Dungeon)
 n - a +0 dagger
   (You took it off a goblin on level 1 of the Dungeon)
Missiles
 o - 3 poisoned darts
 s - 123 stones
Armour
 g - a +1 kite shield (worn)
   (You found it on level 1 of the Dungeon)
Jewellery
 d - a ring of positive energy (left tentacle) {rN+}
   (You found it on level 1 of the Dungeon)
 W - a ring of willpower (right tentacle)
   (You found it on level 1 of the Dungeon)
Wands
 i - a wand of iceblast (11)
   (You took it off Eustachio on level 4 of the Dungeon)
 q - a wand of flame (17)
   (You took it off a hobgoblin on level 2 of the Dungeon)
Scrolls
 p - a scroll of amnesia
 Y - 3 scrolls of teleportation {@r3}
Potions
 e - 4 potions of resistance {unknown}
 f - 2 potions of mutation {unknown}
 h - 3 potions of brilliance {unknown}
 k - a potion of degeneration {unknown}
 l - 2 potions of lignification {unknown}
 m - 2 potions of might {unknown}
 r - 3 potions of cancellation
 t - a potion of berserk rage {unknown}
 u - 2 potions of curing {unknown}
 M - 2 potions of magic
 N - 2 potions of heal wounds {@q2}


   Skills:
 - Level 4.6 Short Blades
 * Level 1.3 Maces & Flails
 - Level 2.0 Dodging
 - Level 7.7 Stealth
 + Level 4.8 Shields
 - Level 2.0 Spellcasting
 + Level 3.5 Conjurations
 + Level 4.6 Fire Magic


You had 10 spell levels left.
You knew the following spells:

 Your Spells              Type           Power      Damage    Failure   Level
a - Foxfire               Conj/Fire      68%        2x1d7     9%          1

Your spell library contained the following spells:

 Spells                   Type           Power      Damage    Failure   Level
 Scorch                   Fire           38%        2d7       11%         2
 Magic Dart               Conj           60%        1d6       12%         1
 Conjure Flame            Conj/Fire      17%        6-21      26%         3
 Animate Skeleton         Necr           2%         N/A       43%         1
 Apportation              Tloc           2%         N/A       43%         1
 Sandblast                Erth           2%         2d4       43%         1
 Summon Small Mammal      Summ           4%         N/A       43%         1
 Inner Flame              Hex/Fire       10%        N/A       50%         3
 Stone Arrow              Conj/Erth      16%        3d8       56%         3
 Call Imp                 Summ           1%         N/A       58%         2
 Corpse Rot               Necr/Air       2%         N/A       58%         2
 Passwall                 Tmut/Erth      0%         N/A       58%         2
 Mephitic Cloud           Conj/Pois/Air  6%         N/A       65%         3
 Flame Wave               Conj/Fire      17%        2d6       65%         4
 Call Canine Familiar     Summ           1%         N/A       82%         3
 Gell's Gravitas          Tloc           1%         N/A       82%         3
 Summon Guardian Golem    Hex/Summ       1%         N/A       82%         3
 Teleport Other           Tloc           1%         N/A       82%         3
 Dispel Undead            Necr           1%         3d6       99%         4
 Death Channel            Necr           0%         N/A       100%        6
 Dispersal                Tloc           0%         N/A       100%        6


Dungeon Overview and Level Annotations

Branches:
Dungeon (6/15)             Temple (1/1) D:5

Altars:
Elyvilon
Gozag
Hepliaklqana
Nemelex Xobeh
Okawaru
Qazlal
Ru
Sif Muna
Wu Jian
The Shining One

Annotations:
D:2 Sigmund
D:5 exclusion: downstairs
D:6 exclusions: door and sky beast


Innate Abilities, Weirdness & Mutations

You cannot wear most types of armour.
You are amphibious.
You can wear up to eight rings at the same time.
Your skin changes colour to match your surroundings (Stealth+).
Your rubbery body absorbs attacks. (AC +1, EV +1)
((You are camouflaged when in or above water. (Stealth+)))
You have tentacles for arms and can constrict up to eight enemies at once.


Message History

You constrict the adder. You block the adder's attack.
The adder barely misses you. You block the necrophage's attack.
You barely miss the adder. You constrict the adder.
You kill the adder!
The necrophage barely misses you.
You hit the necrophage.
Your weapon exudes an aura of protection.
You grab the necrophage. You squeeze the necrophage.
You constrict the necrophage. You block the necrophage's attack.
The necrophage barely misses you.
You hit the necrophage. You constrict the necrophage.
You block the necrophage's attack.
You hit the necrophage but do no damage.
You constrict the necrophage. You block the necrophage's attack.
The necrophage closely misses you.
You hit the necrophage. Your squeeze misses the necrophage.
You constrict the necrophage.
The necrophage hits you but does no damage.
You sock the necrophage!
You destroy the necrophage!
Your Maces & Flails skill increases to level 1!
No target in view!
You now have 202 gold pieces (gained 7).
You now have 208 gold pieces (gained 6).
r - 3 potions of cancellation (gained 1)
A scorpion comes into view.
The scorpion stings you.
You are poisoned.
The scorpion poisons you!
You take 6 damage, and have 40/46 hp.
You sock the scorpion!
Your weapon exudes an aura of protection.
Your grab misses the scorpion.
You feel very sick.
The scorpion stings you but does no damage.
The scorpion barely misses you.
You take 4 damage, and have 36/46 hp.
You hit the scorpion but do no damage. You grab the scorpion.
You squeeze the scorpion. You constrict the scorpion.
You feel very sick.
The scorpion stings you but does no damage.
You take 3 damage, and have 33/46 hp.
You hit the scorpion. You squeeze the scorpion.
You kill the scorpion!
You feel sick.
You take 2 damage, and have 31/46 hp.
No target in view!
No target in view!
You feel sick.
You feel sick.
You feel sick.
You feel sick.
You feel sick.
You are no longer poisoned.
You now have 216 gold pieces (gained 8).
A sky beast is nearby!
Health restored: 46 You hit the sky beast.
Your weapon exudes an aura of protection.
The sky beast barely misses you.
You closely miss the sky beast. You squeeze the sky beast.
You block the sky beast's attack. x2
You closely miss the sky beast. The sky beast hits you.
The sky beast shocks you.
You take 8 damage, and have 38/46 hp.
You closely miss the sky beast. The sky beast hits you.
The sky beast shocks you.
You take 9 damage, and have 29/46 hp.
You closely miss the sky beast. The sky beast closely misses you.
You block the sky beast's attack.
You hit the sky beast but do no damage.
Your weapon exudes an aura of protection.
You block the sky beast's attack.
You hit the sky beast but do no damage. You squeeze the sky beast.
The sky beast hits you but does no damage.
You block the sky beast's attack.
You hit the sky beast. The sky beast closely misses you.
You closely miss the sky beast. Your squeeze misses the sky beast.
The sky beast flickers out of sight!
Deactivating autopickup; reactivate with Ctrl-A.
Something hits you but does no damage. x2
You closely miss something.
Your tentacle-slap misses something.
Your squeeze misses something. Something hits you. Something shocks you.
You take 5 damage, and have 25/46 hp.
You barely miss something. You block something's attack. Something hits you.
Something shocks you.
You take 7 damage, and have 18/46 hp.
You hit something.
Your weapon exudes an aura of protection.
You tentacle-slap something. Your squeeze misses something. Something hits you.
Something shocks you.
* * * LOW HITPOINT WARNING * * *
You take 8 damage, and have 10/46 hp.
You closely miss something. Something hits you.
* * * LOW HITPOINT WARNING * * *
Something shocks you.
* * * LOW HITPOINT WARNING * * *
Something hits you.
You die...
Your body crumbles into a pile of gold.

#..........).#
#............# #+#
#............# #.#
#............# #.#
############.# #.# #.###.#
#..##.# ##.##{# #.##@#
#..#.# ## #####.#.#### ..
#[.........####.# #
#...#...#.......# .#
######...#...#..##.##....#
#........#..>...##.##.#...
####.#.###.......Y.......#
#.### ######.##<.......


There were no monsters in sight!

Vanquished Creatures
  Eustachio (D:4)
  Menkaure (D:6)
  A black bear (D:4)
  2 ogres
  An ice beast (D:4)
  3 necrophages
  3 scorpions
  2 hounds
  A jelly (D:4)
  A gnoll shaman (D:5)
  An iguana (D:5)
  An orc wizard (D:5)
  Robin (D:2)
  7 gnolls
  4 adders
  2 white imps (D:6)
  An ufetubus (D:6)
  A worm (D:2)
  A dart slug (D:1)
  9 orcs
  9 endoplasms
  2 giant cockroaches (D:2)
  12 goblins
  11 hobgoblins
  2 jackals (D:2)
  5 kobolds
  3 quokkas
  3 ball pythons
  4 bats
  4 frilled lizards
  4 rats
103 creatures vanquished.

Vanquished Creatures (others)
  149 foxfires
149 creatures vanquished.

Grand Total: 252 creatures vanquished

Notes
Turn   | Place    | Note
-------+----------+-------------------------------------------
     0 | D:1      | sokol815 the Octopode Fire Elementalist began the quest for
                  | the Orb.
     0 | D:1      | Reached XP level 1. HP: 11/11 MP: 3/3
   417 | D:1      | Reached XP level 2. HP: 11/17 MP: 1/5
  1619 | D:2      | HP: 2/17 [worm (8)]
  1906 | D:2      | Reached skill level 3 in Stealth
  1906 | D:2      | Reached XP level 3. HP: 12/21 MP: 6/6
  2173 | D:2      | Noticed Sigmund
  2737 | D:2      | Reached skill level 1 in Short Blades
  2904 | D:2      | Noticed Robin
  2909 | D:2      | Killed Robin
  2910 | D:2      | Reached skill level 4 in Stealth
  2910 | D:2      | Reached skill level 1 in Shields
  2910 | D:2      | Reached XP level 4. HP: 21/27 MP: 7/7
  3367 | D:2      | Found a faded altar of an unknown god.
  4156 | D:3      | Found an iron altar of Okawaru.
  4156 | D:3      | Found a hazy altar of Hepliaklqana.
  4158 | D:3      | Found a white marble altar of Elyvilon.
  4158 | D:3      | Found a sacrificial altar of Ru.
  4330 | D:4      | Noticed a black bear
  4592 | D:4      | Noticed an ice beast
  4597 | D:4      | HP: 4/27 [ice beast (13)]
  4598 | D:4      | Killed an ice beast
  4599 | D:4      | Reached skill level 2 in Short Blades
  4599 | D:4      | Reached skill level 5 in Stealth
  4599 | D:4      | Reached skill level 2 in Shields
  4599 | D:4      | Reached XP level 5. HP: 4/31 MP: 8/8
  4886 | D:4      | Reached XP level 6. HP: 36/36 MP: 9/9
  4959 | D:4      | Noticed Eustachio
  5003 | D:4      | Killed Eustachio
  5004 | D:4      | Reached skill level 6 in Stealth
  5625 | D:4      | Reached skill level 3 in Short Blades
  5625 | D:4      | Reached skill level 7 in Stealth
  5625 | D:4      | Reached skill level 3 in Shields
  5625 | D:4      | Reached XP level 7. HP: 34/41 MP: 6/10
  6423 | D:5      | Entered Level 5 of the Dungeon
  6537 | D:5      | Reached skill level 2 in Conjurations
  6551 | D:5      | HP: 10/41 [orc/+0 short sword (2)]
  6948 | D:5      | Reached skill level 4 in Short Blades
  6948 | D:5      | Reached skill level 4 in Shields
  7553 | D:5      | Reached XP level 8. HP: 46/46 MP: 5/11
  8010 | D:5      | Reached skill level 4 in Fire Magic
  8012 | D:5      | Found a staircase to the Ecumenical Temple.
  8027 | Temple   | Entered the Ecumenical Temple
  8133 | Temple   | Became a worshipper of Gozag Ym Sagoz the Greedy
  8550 | D:6      | Reached skill level 3 in Conjurations
  8709 | D:6      | Noticed Menkaure
  8717 | D:6      | HP: 7/46 [Menkaure (10)]
  8720 | D:6      | Killed Menkaure
  9319 | D:6      | Reached skill level 1 in Maces & Flails
  9531 | D:6      | HP: 10/46 [something (6)]
  9532 | D:6      | HP: 2/46 [something (5)]
  9532 | D:6      | Slain by a sky beast

Illustrated notes

Levels and vault maps discovered:
D:1:      amcnicky_arrival_double_pillar, layout_basic
D:2:      layout_basic, chequers_ecumenical_altar_lobes,
          minmay_fractal_squares_gapless_5, uniq_robin, uniq_sigmund
D:3:      layout_loops_ring, mainiacjoe_overflow_alcove_3
D:4:      layout_loops_cross, uniq_eustachio
D:5:      layout_basic, minmay_temple_entry_nine_rooms
D:6:      layout_basic, uniq_menkaure
Temple:   bh_familiar_temple

Skill      XL: |  1  2  3  4  5  6  7  8 |
---------------+-------------------------+-----
Stealth        | 3 4 5 7 |  7.7
Short Blades   | 1 2 3 4 |  4.6
Shields        | 1 2 3 4 |  4.8
Conjurations   | 2 3 |  3.5
Fire Magic     | 4 |  4.6
Maces & Flails | 1 |  1.3
Dodging        | |  2.0
Spellcasting   | |  2.0

Action                   |  1- 3 |  4- 6 |  7- 9 || total
-------------------------+-------+-------+-------++-------
Melee: Dagger            |    12 |       |       ||    12
       Constrict         |    16 |    13 |    14 ||    43
       Tentacles         |    10 |     9 |    16 ||    35
       Unarmed           |     1 |       |       ||     1
       Short sword       |    48 |    59 |    44 ||   151
       Flail             |       |       |    26 ||    26
       Punch             |       |       |     2 ||     2
Throw: Stone             |     1 |       |       ||     1
 Cast: Foxfire           |    15 |    15 |    56 ||    86
  Use: Scroll            |     4 |     5 |     2 ||    11
       Potion            |       |       |     1 ||     1
 Stab: Sleeping          |     8 |    10 |     4 ||    22
Armor: Skin              |     4 |     3 |     9 ||    16
Dodge: Dodged            |    23 |    20 |    33 ||    76
Block: Kite shield       |    12 |    18 |    15 ||    45

Table legend: (Time is in decaauts)
 A = Elapsed time spent in this place.
 B = Non-inter-level travel time spent in this place.
 C = Inter-level travel time spent in this place.
 D = Time resting spent in this place.
 E = Time spent auto-exploring this place.
 F = Levels seen in this place.
 G = Mean time per level.
                   A        B        C        D        E       F      G
               +--------+--------+--------+--------+--------+-----+--------+
         Total |   9570 |   9038 |    532 |   3137 |   4655 |   7 | 1367.1 |
       Dungeon |   9437 |   8938 |    499 |   3137 |   4557 |   6 | 1572.8 |
        Temple |    133 |    100 |     33 |      0 |     98 |   1 |  133.0 |
               +--------+--------+--------+--------+--------+-----+--------+

Top non-repeatable levels by time:
     D:4: 2367 daAuts
     D:2: 2151 daAuts
     D:5: 1923 daAuts
     D:1: 1527 daAuts
     D:6: 750 daAuts
     D:3: 716 daAuts
  Temple: 133 daAuts

Table legend:
 A = Kills in this place as a percentage of kills in entire the game.
 B = Kills by you in this place as a percentage of kills by you in the entire game.
 C = Kills by friends in this place as a percentage of kills by friends in the entire game.
 D = Other kills in this place as a percentage of other kills in the entire game.
 E = Experience gained in this place as a percentage of experience gained in the entire game.
 F = Experience gained in this place divided by the number of levels of this place that you have seen.
                   A       B       C       D       E      F
               +-------+-------+-------+-------+-------+----------------------
         Total | 100.0 | 100.0 |   N/A |   N/A | 100.0 | 274.7
       Dungeon | 100.0 | 100.0 |   N/A |   N/A | 100.0 | 320.5
               +-------+-------+-------+-------+-------+----------------------
